Blues vs Bruins
(R1)
Created - January 14, 2024 at 20:52
Goals
|
Blues |
1 |
1 |
0 |
2 |
Bruins |
0 |
3 |
3 |
6 |
|
Shots
|
Blues |
12 |
15 |
5 |
32 |
Bruins |
3 |
10 |
14 |
27 |
|
1st period
1. Blues , William Nylander 9 (Adam Henrique 24, Marko Dano 15) at 14:51
Penalties :
Nathan MacKinnon (Stl) for Tripping (Minor) at 0:23, Zack Kassian (Bos) for Boarding (Minor) at 5:59, Brandon Montour (Stl) for Holding (Minor) at 7:09, Wojtek Wolski (Bos) for Interference (Minor) at 15:14, Cody Franson (Stl) for Interference (Minor) at 17:44
2nd period
2. Bruins , Zack Kassian 17 (Torey Krug 8) at 0:10
3. Bruins , Torey Krug 3 (Craig Smith 4, Kevin Hayes 13) at 9:01 (PP)
4. Bruins , Casey Cizikas 5 (Andreas Athanasiou 5) at 11:12
5. Blues , Devin Shore 8 (Will Butcher 14, Nick Schmaltz 8) at 12:42
Penalties :
Cody Franson (Stl) for Cross-checking (Minor) at 4:36, Max Friberg (Stl) for Holding (Minor) at 8:13, Jonathan Toews (Bos) for Interference (Minor) at 14:46
3rd period
6. Bruins , Kevin Hayes 4 (Craig Smith 5) at 5:25 (PP)
7. Bruins , Wojtek Wolski 12 (Jonathan Toews 27, Madison Bowey 5) at 7:30 (SH)
8. Bruins , Eric Wellwood 5 (Casey Cizikas 12, Andreas Athanasiou 6) at 8:41
Penalties :
Seth Jones (Stl) for Hooking (Minor) at 0:22, Nikolaj Ehlers (Stl) for Holding (Minor) at 5:19, Brendan Smith (Bos) for Slashing (Minor) at 6:18, Craig Smith (Bos) for High sticking (Minor) at 10:05
Goalie Stats
Carey Price (Stl), 12 saves from 16 shots - (0.750), L, 17-7-1, 45:25 minutes
Maxime Daigneault (Stl), 9 saves from 11 shots - (0.818), 14:35 minutes
Kevin Poulin (Bos), 30 saves from 32 shots - (0.938), W, 16-13-4, 60:00 minutes
Players Stats for Blues
Player Name G A P +/- PIM S H SB GA TA FO MP PP MP PK MP
------------------------------------------------------------------------------------
Adam Henrique 0 1 1 0 0 4 1 0 1 0 9/15 15:16 3:53 0:08
Brandon Montour 0 0 0 1 2 0 1 2 0 0 0/0 19:34 3:02 2:59
Cody Ceci 0 0 0 -2 0 1 0 4 1 1 0/0 22:19 0:00 6:44
Cody Franson 0 0 0 -1 4 1 0 0 0 0 0/0 14:48 0:00 3:32
David Perron 0 0 0 -1 0 1 0 1 0 1 0/0 10:19 0:03 1:12
Devin Shore 1 0 1 -1 0 3 2 0 0 0 3/5 12:22 0:00 3:08
Drew Shore 0 0 0 0 0 1 2 0 0 1 4/11 11:13 0:00 5:35
Filip Forsberg 0 0 0 -1 0 5 1 0 1 0 0/1 21:26 5:13 1:17
Marko Dano 0 1 1 0 0 0 2 0 2 0 0/0 18:14 3:50 3:08
Max Friberg 0 0 0 0 2 5 2 0 0 0 0/0 5:42 0:08 0:00
Nathan MacKinnon 0 0 0 -1 2 0 1 0 2 1 14/34 20:01 5:13 0:02
Nick Schmaltz 0 1 1 -1 0 0 1 0 0 0 0/1 8:44 0:00 0:00
Nikolaj Ehlers 0 0 0 -2 2 2 1 0 0 0 0/1 18:20 3:42 0:00
Samuel Morin 0 0 0 0 0 1 1 0 1 0 0/0 11:08 0:00 5:30
Seth Jones 0 0 0 -2 2 4 2 3 1 0 0/0 26:58 6:03 2:46
Travis Sanheim 0 0 0 -2 0 0 0 0 0 0 0/0 14:27 3:03 1:07
Will Butcher 0 1 1 2 0 2 2 0 1 0 0/0 22:23 6:03 2:52
William Nylander 1 0 1 1 0 2 0 0 0 0 0/0 15:50 5:16 0:00
Players Stats for Bruins
Player Name G A P +/- PIM S H SB GA TA FO MP PP MP PK MP
------------------------------------------------------------------------------------
Adam Pelech 0 0 0 1 0 0 0 0 1 0 0/0 10:10 0:00 0:36
Andreas Athanasiou 0 2 2 1 0 0 0 0 0 0 1/1 9:53 0:07 0:00
Brendan Smith 0 0 0 0 2 1 0 2 0 1 0/0 20:17 3:59 2:13
Casey Cizikas 1 1 2 1 0 1 0 1 0 0 5/6 9:41 0:14 0:00
Craig Smith 0 2 2 0 2 2 0 0 0 0 0/1 15:32 4:24 0:00
Eric Wellwood 1 0 1 1 0 2 1 2 0 0 0/1 13:13 0:13 1:08
Gabriel Landeskog 0 0 0 0 0 5 1 1 2 4 8/15 28:21 5:27 5:48
Jason Demers 0 0 0 1 0 1 2 2 0 3 0/0 29:45 6:01 6:17
Jonathan Toews 0 1 1 1 2 3 2 0 0 0 15/30 22:30 5:21 2:00
Josh Manson 0 0 0 0 0 0 0 0 0 0 0/0 9:34 0:00 0:00
Kevin Hayes 1 1 2 0 0 4 1 0 0 0 6/9 15:14 4:24 0:00
Madison Bowey 0 1 1 1 0 1 0 0 0 1 0/0 20:41 3:59 2:49
Noah Juulsen 0 0 0 0 0 0 0 0 0 0 0/0 1:55 0:00 0:00
Radek Faksa 0 0 0 0 0 1 1 0 0 0 2/3 8:17 0:02 2:48
Taylor Beck 0 0 0 0 0 0 0 0 0 0 0/0 4:50 0:00 0:00
Torey Krug 1 1 2 1 0 1 0 1 0 1 0/0 27:50 6:01 6:17
Wojtek Wolski 1 0 1 1 2 2 0 0 0 0 1/1 17:25 4:24 1:56
Zack Kassian 1 0 1 0 2 3 2 1 1 0 0/1 24:52 5:24 4:32
3 Stars
1 - Torey Krug (Bos)
2 - Casey Cizikas (Bos)
3 - Kevin Hayes (Bos)
Power Play
Blues - 0 on 5 Attempt(s) - 0.00%
Bruins - 2 on 7 Attempt(s) - 28.57%
Penalty Kill
Blues - 5 on 7 Attempt(s) - 71.43%
- Score 0 goal in Penalty Kill
Bruins - 5 on 5 Attempt(s) - 100.00%
- Score 1 goal in Penalty Kill
Team Stat
Blues - Hits : 19 - Faceoff Wins : 30 - Blocked Shots : 10 - Penalty Minutes : 14
Bruins - Hits : 10 - Faceoff Wins : 38 - Blocked Shots : 10 - Penalty Minutes : 10
Official
Referees : Kendrick Nicholson and Peter MacDougall
Linesman : Bryan Pancich and Jonny Murray
Game Notes
Maxime Daigneault enters game at 5:25 of 3rd period
5:35 of 3rd period - Bruins goal is going for a video replay. After video review, No Goal. The puck has entered the net after making contact with an attacking player’s stick that is above the height of the crossbar.
Finance
Level 1 -- Attendance: 6000 (100.00%) -- Ticket Income $600,000
Level 2 -- Attendance: 5000 (100.00%) -- Ticket Income $300,000
Level 3 -- Attendance: 1848 (92.40%) -- Ticket Income $64,680
Level 4 -- Attendance: 3737 (93.43%) -- Ticket Income $93,425
Luxury Box -- Attendance: 916 (91.60%) -- Ticket Income $183,200
Game was played at the TD Garden.
Total Attendance: 17501 (97.23%)
Total Ticket Income: $1,241,305
Other Income: $186,196
Total Income: $1,427,501
Blues
5 vs 5 Forward
Center Left Wing Right Wing Time % Phy DF OF
1 Nathan MacKinnon Filip Forsberg Nikolaj Ehlers 40 0 2 3
2 Adam Henrique Marko Dano William Nylander 30 0 2 3
3 Devin Shore David Perron Nick Schmaltz 20 1 2 2
4 Drew Shore Samuel Morin Max Friberg 10 0 3 2
5 vs 5 Defense
Defense Defense Time % Phy DF OF
1 Seth Jones Cody Ceci 40 1 2 2
2 Will Butcher Brandon Montour 30 1 2 2
3 Cody Franson Travis Sanheim 20 1 2 2
4 Cody Franson Seth Jones 10 1 2 2
PowerPlay Forward
Center Left Wing Right Wing Time % Phy DF OF
1 Nathan MacKinnon Filip Forsberg William Nylander 60 0 2 3
2 Adam Henrique Marko Dano Nikolaj Ehlers 40 0 2 3
PowerPlay Defense
Defense Defense Time % Phy DF OF
1 Will Butcher Seth Jones 60 0 2 3
2 Brandon Montour Travis Sanheim 40 0 2 3
Penalty Kill 4 Players Forward
Center Wing Time % Phy DF OF
1 Drew Shore Samuel Morin 60 1 3 1
2 Devin Shore Marko Dano 40 1 3 1
Penalty Kill 4 Players Defense
Defense Defense Time % Phy DF OF
1 Cody Ceci Cody Franson 60 1 2 2
2 Seth Jones Brandon Montour 40 1 2 2
Penalty Kill - 3 Players Forward
Forward Time % Phy DF OF
1 Drew Shore 60 1 2 2
2 Devin Shore 40 1 2 2
Penalty Kill - 3 Players Defense
Defense Defense Time % Phy DF OF
1 Cody Franson Cody Ceci 60 1 2 2
2 Seth Jones Brandon Montour 40 1 2 2
4 vs 4 Forward
Center Wing Time % Phy DF OF
1 Adam Henrique Filip Forsberg 60 1 2 2
2 Nathan MacKinnon David Perron 40 1 2 2
4 vs 4 Defense
Defense Defense Time % Phy DF OF
1 Will Butcher Brandon Montour 60 1 2 2
2 Cody Ceci Seth Jones 40 1 2 2
Last Minutes Offensive
Center Left Wing Right Wing Defense Defense
Nathan MacKinnon Filip Forsberg Nikolaj Ehlers Will Butcher Seth Jones
Last Minutes Defensive
Center Left Wing Right Wing Defense Defense
Drew Shore Samuel Morin Nick Schmaltz Cody Franson Cody Ceci
Goaltenders
Starting : Carey Price
Backup : Maxime Daigneault
Extra Forwards
Normal : Nikolaj Ehlers, Samuel Morin, Drew Shore - PP : Marko Dano, William Nylander - PK : Filip Forsberg
Extra Defensemen
Normal : Cody Ceci, Travis Sanheim, Will Butcher - PP : Cody Ceci - PK : Will Butcher, Travis Sanheim
Penalty Shots
David Perron, Marko Dano, Filip Forsberg, Devin Shore, William Nylander
Custom OT Lines Forwards
Filip Forsberg, Nathan MacKinnon, Adam Henrique, Marko Dano, David Perron, Devin Shore, Drew Shore, Nikolaj Ehlers, William Nylander, Nick Schmaltz
Custom OT Lines Defensemen
Seth Jones, Will Butcher, Brandon Montour, Travis Sanheim, Cody Ceci
Scratches
Morgan Rielly (Separated Left Shoulder Injury)
Bruins
5 vs 5 Forward
Center Left Wing Right Wing Time % Phy DF OF
1 Jonathan Toews Gabriel Landeskog Zack Kassian 40 1 2 2
2 Kevin Hayes Wojtek Wolski Craig Smith 30 1 2 2
3 Casey Cizikas Eric Wellwood Andreas Athanasiou 20 1 2 2
4 Radek Faksa Taylor Beck Gabriel Landeskog 10 1 2 2
5 vs 5 Defense
Defense Defense Time % Phy DF OF
1 Jason Demers Torey Krug 40 1 2 2
2 Brendan Smith Madison Bowey 30 1 2 2
3 Josh Manson Adam Pelech 20 1 2 2
4 Noah Juulsen Jason Demers 10 1 2 2
PowerPlay Forward
Center Left Wing Right Wing Time % Phy DF OF
1 Jonathan Toews Gabriel Landeskog Zack Kassian 60 1 2 2
2 Kevin Hayes Wojtek Wolski Craig Smith 40 1 2 2
PowerPlay Defense
Defense Defense Time % Phy DF OF
1 Jason Demers Torey Krug 60 1 2 2
2 Brendan Smith Madison Bowey 40 1 2 2
Penalty Kill 4 Players Forward
Center Wing Time % Phy DF OF
1 Gabriel Landeskog Zack Kassian 60 1 2 2
2 Wojtek Wolski Jonathan Toews 40 1 2 2
Penalty Kill 4 Players Defense
Defense Defense Time % Phy DF OF
1 Jason Demers Torey Krug 60 1 2 2
2 Brendan Smith Madison Bowey 40 1 2 2
Penalty Kill - 3 Players Forward
Forward Time % Phy DF OF
1 Gabriel Landeskog 60 1 2 2
2 Zack Kassian 40 1 2 2
Penalty Kill - 3 Players Defense
Defense Defense Time % Phy DF OF
1 Jason Demers Torey Krug 60 1 2 2
2 Brendan Smith Madison Bowey 40 1 2 2
4 vs 4 Forward
Center Wing Time % Phy DF OF
1 Gabriel Landeskog Zack Kassian 60 1 2 2
2 Wojtek Wolski Jonathan Toews 40 1 2 2
4 vs 4 Defense
Defense Defense Time % Phy DF OF
1 Jason Demers Torey Krug 60 1 2 2
2 Brendan Smith Madison Bowey 40 1 2 2
Last Minutes Offensive
Center Left Wing Right Wing Defense Defense
Jonathan Toews Gabriel Landeskog Zack Kassian Jason Demers Torey Krug
Last Minutes Defensive
Center Left Wing Right Wing Defense Defense
Jonathan Toews Gabriel Landeskog Zack Kassian Jason Demers Torey Krug
Goaltenders
Starting : Kevin Poulin
Backup : Tuukka Rask
Extra Forwards
Normal : Eric Wellwood, Casey Cizikas, Radek Faksa - PP : Eric Wellwood, Casey Cizikas - PK : Radek Faksa
Extra Defensemen
Normal : Josh Manson, Adam Pelech, Noah Juulsen - PP : Josh Manson - PK : Adam Pelech, Noah Juulsen
Penalty Shots
Gabriel Landeskog, Zack Kassian, Wojtek Wolski, Jonathan Toews, Kevin Hayes
Custom OT Lines Forwards
Gabriel Landeskog, Zack Kassian, Wojtek Wolski, Jonathan Toews, Kevin Hayes, Eric Wellwood, Craig Smith, Casey Cizikas, Radek Faksa, Taylor Beck
Custom OT Lines Defensemen
Jason Demers, Torey Krug, Brendan Smith, Madison Bowey, Josh Manson
Scratches
Mark Stone (Right Ankle Injury)
% Time on Ice - Blues
Lines # - Real PCT - Wanted PCT - Time Play
Normal Forward
1 - 36% - 40% - 14:30
2 - 28% - 30% - 11:16
3 - 22% - 20% - 8:44
4 - 14% - 10% - 5:35
Normal Defense
1 - 39% - 40% - 15:47
2 - 34% - 30% - 13:30
3 - 20% - 20% - 7:51
4 - 7% - 10% - 2:57
PP Forward
1 - 58% - 60% - 5:16
2 - 42% - 40% - 3:50
PP Defense
1 - 66% - 60% - 6:03
2 - 34% - 40% - 3:03
PK Forward
1 - 68% - 60% - 6:50
2 - 32% - 40% - 3:10
PK Defense
1 - 64% - 60% - 6:22
2 - 36% - 40% - 3:38
PK3 Forward
1 - 0% - 60%
2 - 0% - 40%
PK3 Defense
1 - 0% - 60%
2 - 0% - 40%
44 Forward
1 - 59% - 60% - 0:29
2 - 41% - 40% - 0:20
44 Defense
1 - 98% - 60% - 0:48
2 - 2% - 40% - 0:01
Last Minute Offensive - 0:00
Last Minute Defensive - 0:00
Total
Forward - 60:00
Defense - 60:00
|
% Time on Ice - Bruins
Lines # - Real PCT - Wanted PCT - Time Play
Normal Forward
1 - 39% - 40% - 15:42
2 - 28% - 30% - 11:03
3 - 21% - 20% - 8:30
4 - 12% - 10% - 4:50
Normal Defense
1 - 38% - 40% - 15:18
2 - 33% - 30% - 13:18
3 - 24% - 20% - 9:34
4 - 5% - 10% - 1:55
PP Forward
1 - 56% - 60% - 5:36
2 - 44% - 40% - 4:24
PP Defense
1 - 60% - 60% - 6:01
2 - 40% - 40% - 3:59
PK Forward
1 - 70% - 60% - 6:24
2 - 30% - 40% - 2:42
PK Defense
1 - 69% - 60% - 6:17
2 - 31% - 40% - 2:49
PK3 Forward
1 - 0% - 60%
2 - 0% - 40%
PK3 Defense
1 - 0% - 60%
2 - 0% - 40%
44 Forward
1 - 100% - 60% - 0:49
2 - 0% - 40% - 0:00
44 Defense
1 - 29% - 60% - 0:14
2 - 71% - 40% - 0:35
Last Minute Offensive - 0:00
Last Minute Defensive - 0:00
Total
Forward - 60:00
Defense - 60:00
|
Play-by-Play
1st period
0:01 of 1st period - Nathan MacKinnon wins face-off versus Jonathan Toews in neutral zone.
0:23 of 1st period - Minor Penalty to Nathan MacKinnon for Tripping.
0:24 of 1st period - Gabriel Landeskog wins face-off versus Drew Shore in Blues zone.
1:18 of 1st period - Cody Ceci is hit by Jonathan Toews and loses puck.
2:23 of 1st period - Penalty to Nathan MacKinnon is over, Nathan MacKinnon is back on ice.
2:31 of 1st period - Slapshot by Nathan MacKinnon.
2:31 of 1st period - Shot Blocked by Casey Cizikas.
2:33 of 1st period - Slapshot by Cody Ceci.
2:33 of 1st period - Shot Blocked by Eric Wellwood.
2:35 of 1st period - Snap shot by Cody Franson.
2:35 of 1st period - Shot Blocked by Brendan Smith.
2:47 of 1st period - Wrist shot by Gabriel Landeskog.
2:47 of 1st period - Shot Misses the Net.
3:10 of 1st period - Wrist shot by Taylor Beck.
3:10 of 1st period - Shot Misses the Net.
3:17 of 1st period - Icing by Brandon Montour.
3:18 of 1st period - Adam Henrique wins face-off versus Jonathan Toews in Blues zone.
3:33 of 1st period - Snap shot by Marko Dano.
3:33 of 1st period - Shot Blocked by Jason Demers.
3:43 of 1st period - Snap shot by Filip Forsberg.
3:43 of 1st period - Stopped by Kevin Poulin without a rebound.
3:44 of 1st period - Adam Henrique wins face-off versus Casey Cizikas in Bruins zone.
4:05 of 1st period - Snap shot by Eric Wellwood.
4:05 of 1st period - Shot Blocked by Cody Ceci.
4:26 of 1st period - Off-side.
4:27 of 1st period - Kevin Hayes wins face-off versus Nathan MacKinnon in neutral zone.
4:59 of 1st period - Wrist shot by Zack Kassian.
4:59 of 1st period - Shot Misses the Net.
5:40 of 1st period - Kevin Hayes is hit by Will Butcher and loses puck.
5:49 of 1st period - Slapshot by Samuel Morin.
5:49 of 1st period - Stopped by Kevin Poulin without a rebound.
5:50 of 1st period - Nathan MacKinnon wins face-off versus Jonathan Toews in Bruins zone.
5:55 of 1st period - Snap shot by Filip Forsberg.
5:55 of 1st period - Stopped by Kevin Poulin without a rebound.
5:56 of 1st period - Jonathan Toews wins face-off versus Nathan MacKinnon in Bruins zone.
5:56 of 1st period - Jonathan Toews is hit by Filip Forsberg.
5:59 of 1st period - Minor Penalty to Zack Kassian for Boarding.
6:00 of 1st period - Gabriel Landeskog wins face-off versus Nathan MacKinnon in Bruins zone.
6:05 of 1st period - Icing by Seth Jones.
6:06 of 1st period - Gabriel Landeskog wins face-off versus Nathan MacKinnon in Blues zone.
6:09 of 1st period - Snap shot by Gabriel Landeskog.
6:09 of 1st period - Shot Blocked by Seth Jones.
6:11 of 1st period - Snap shot by Radek Faksa.
6:11 of 1st period - Stopped by Carey Price with a rebound.
6:15 of 1st period - Backhand shot by Gabriel Landeskog.
6:15 of 1st period - Shot Misses the Net.
6:17 of 1st period - Wrist shot by Gabriel Landeskog.
6:17 of 1st period - Deflect By Radek Faksa.
6:17 of 1st period - Shot Misses the Net.
6:17 of 1st period - Puck is out of play.
6:18 of 1st period - Gabriel Landeskog wins face-off versus Nathan MacKinnon in Blues zone.
6:19 of 1st period - Wrist shot by Jason Demers.
6:19 of 1st period - Shot Blocked by Seth Jones.
6:49 of 1st period - Slapshot by Seth Jones.
6:49 of 1st period - Shot Misses the Net.
7:07 of 1st period - Snap shot by Jonathan Toews.
7:07 of 1st period - Shot Misses the Net.
7:09 of 1st period - Minor Penalty to Brandon Montour for Holding.
7:10 of 1st period - Adam Henrique wins face-off versus Gabriel Landeskog in Blues zone.
7:42 of 1st period - Snap shot by Filip Forsberg.
7:42 of 1st period - Stopped by Kevin Poulin with a rebound.
7:44 of 1st period - Wrist shot by Nathan MacKinnon.
7:44 of 1st period - Deflect By David Perron.
7:44 of 1st period - Stopped by Kevin Poulin without a rebound.
7:45 of 1st period - Casey Cizikas wins face-off versus Nathan MacKinnon in Bruins zone.
7:58 of 1st period - Wrist shot by Nathan MacKinnon.
7:58 of 1st period - Shot Misses the Net.
7:59 of 1st period - Penalty to Zack Kassian is over, Zack Kassian is back on ice.
8:00 of 1st period - Slapshot by Cody Ceci.
8:00 of 1st period - Stopped by Kevin Poulin without a rebound.
8:01 of 1st period - Jonathan Toews wins face-off versus Drew Shore in Bruins zone.
8:16 of 1st period - Snap shot by Zack Kassian.
8:16 of 1st period - Shot Hit the Post.
9:09 of 1st period - Penalty to Brandon Montour is over, Brandon Montour is back on ice.
9:19 of 1st period - Off-side.
9:20 of 1st period - Casey Cizikas wins face-off versus Nathan MacKinnon in neutral zone.
9:24 of 1st period - Off-side.
9:25 of 1st period - Nathan MacKinnon wins face-off versus Jonathan Toews in neutral zone.
9:29 of 1st period - Icing by Torey Krug.
9:30 of 1st period - Nathan MacKinnon wins face-off versus Gabriel Landeskog in Bruins zone.
10:29 of 1st period - Wrist shot by Casey Cizikas.
10:29 of 1st period - Shot Misses the Net.
10:31 of 1st period - Slapshot by Casey Cizikas.
10:31 of 1st period - Shot Misses the Net.
10:33 of 1st period - Wrist shot by Madison Bowey.
10:33 of 1st period - Deflect By Devin Shore.
10:33 of 1st period - Stopped by Carey Price with a rebound.
11:33 of 1st period - Wrist shot by Adam Henrique.
11:33 of 1st period - Stopped by Kevin Poulin with a rebound.
13:28 of 1st period - Gabriel Landeskog is hit by Drew Shore and loses puck.
13:51 of 1st period - Wrist shot by Nathan MacKinnon.
13:51 of 1st period - Shot Misses the Net.
13:53 of 1st period - Snap shot by Filip Forsberg.
13:53 of 1st period - Stopped by Kevin Poulin without a rebound.
13:54 of 1st period - Jonathan Toews wins face-off versus Adam Henrique in Bruins zone.
14:00 of 1st period - Off-side.
14:01 of 1st period - Adam Henrique wins face-off versus Jonathan Toews in neutral zone.
14:12 of 1st period - Wrist shot by Zack Kassian.
14:12 of 1st period - Shot Misses the Net.
14:49 of 1st period - Wrist shot by Adam Henrique.
14:49 of 1st period - Stopped by Kevin Poulin with a rebound.
14:51 of 1st period - Snap shot by William Nylander.
14:51 of 1st period - Goal by William Nylander - Blues : 1 - Bruins : 0.
14:52 of 1st period - Kevin Hayes wins face-off versus Nathan MacKinnon in neutral zone.
15:14 of 1st period - Minor Penalty to Wojtek Wolski for Interference.
15:15 of 1st period - Nathan MacKinnon wins face-off versus Gabriel Landeskog in Bruins zone.
16:07 of 1st period - Slapshot by Seth Jones.
16:07 of 1st period - Stopped by Kevin Poulin without a rebound.
16:08 of 1st period - Gabriel Landeskog wins face-off versus Nikolaj Ehlers in Bruins zone.
17:14 of 1st period - Penalty to Wojtek Wolski is over, Wojtek Wolski is back on ice.
17:33 of 1st period - Slapshot by Devin Shore.
17:33 of 1st period - Stopped by Kevin Poulin without a rebound.
17:34 of 1st period - Casey Cizikas wins face-off versus Drew Shore in Bruins zone.
17:34 of 1st period - Casey Cizikas is hit by Samuel Morin.
17:40 of 1st period - Slapshot by Brendan Smith.
17:40 of 1st period - Stopped by Carey Price without a rebound.
17:41 of 1st period - Andreas Athanasiou wins face-off versus Drew Shore in Blues zone.
17:42 of 1st period - Snap shot by Casey Cizikas.
17:42 of 1st period - Shot Misses the Net.
17:44 of 1st period - Minor Penalty to Cody Franson for Interference.
17:45 of 1st period - Drew Shore wins face-off versus Jonathan Toews in Blues zone.
19:00 of 1st period - Brendan Smith is hit by Drew Shore and loses puck.
19:44 of 1st period - Penalty to Cody Franson is over, Cody Franson is back on ice.
19:48 of 1st period - Icing by Jason Demers.
19:49 of 1st period - Nathan MacKinnon wins face-off versus Eric Wellwood in Bruins zone.
Goals for this period are 1 for Blues vs 0 for Bruins.
Shots for this period are 12 for Blues vs 3 for Bruins.
2nd period
0:01 of 2nd period - Nathan MacKinnon wins face-off versus Jonathan Toews in neutral zone.
0:10 of 2nd period - Slapshot by Zack Kassian.
0:10 of 2nd period - Goal by Zack Kassian - Blues : 1 - Bruins : 1.
0:11 of 2nd period - Jonathan Toews wins face-off versus Nathan MacKinnon in neutral zone.
0:16 of 2nd period - Snap shot by Jonathan Toews.
0:16 of 2nd period - Deflect By Gabriel Landeskog.
0:16 of 2nd period - Stopped by Carey Price with a rebound.
0:18 of 2nd period - Wrist shot by Zack Kassian.
0:18 of 2nd period - Shot Blocked by Cody Ceci.
0:20 of 2nd period - Slapshot by Torey Krug.
0:20 of 2nd period - Shot Blocked by Cody Ceci.
0:24 of 2nd period - Snap shot by Gabriel Landeskog.
0:24 of 2nd period - Deflect By Jonathan Toews.
0:24 of 2nd period - Stopped by Carey Price without a rebound.
0:25 of 2nd period - Nathan MacKinnon wins face-off versus Jonathan Toews in Blues zone.
0:59 of 2nd period - Snap shot by Seth Jones.
0:59 of 2nd period - Stopped by Kevin Poulin without a rebound.
1:00 of 2nd period - Adam Henrique wins face-off versus Jonathan Toews in Bruins zone.
1:48 of 2nd period - Slapshot by Adam Henrique.
1:48 of 2nd period - Shot Blocked by Gabriel Landeskog.
2:18 of 2nd period - Snap shot by Adam Henrique.
2:18 of 2nd period - Shot Misses the Net.
2:20 of 2nd period - Slapshot by William Nylander.
2:20 of 2nd period - Stopped by Kevin Poulin without a rebound.
2:21 of 2nd period - Wojtek Wolski wins face-off versus Nathan MacKinnon in Bruins zone.
2:56 of 2nd period - Slapshot by Casey Cizikas.
2:56 of 2nd period - Shot Blocked by David Perron.
3:35 of 2nd period - Radek Faksa is hit by Nick Schmaltz and loses puck.
4:23 of 2nd period - Andreas Athanasiou is hit by Devin Shore and loses puck.
4:36 of 2nd period - Minor Penalty to Cody Franson for Cross-checking.
4:37 of 2nd period - Drew Shore wins face-off versus Jonathan Toews in Blues zone.
4:52 of 2nd period - Slapshot by Jonathan Toews.
4:52 of 2nd period - Shot Misses the Net.
5:12 of 2nd period - Snap shot by Wojtek Wolski.
5:12 of 2nd period - Shot Misses the Net.
6:36 of 2nd period - Penalty to Cody Franson is over, Cody Franson is back on ice.
6:57 of 2nd period - Casey Cizikas is hit by Seth Jones and loses puck.
7:48 of 2nd period - Adam Pelech is hit by Marko Dano and loses puck.
8:05 of 2nd period - Wrist shot by Drew Shore.
8:05 of 2nd period - Shot Blocked by Brendan Smith.
8:13 of 2nd period - Minor Penalty to Max Friberg for Holding.
8:14 of 2nd period - Jonathan Toews wins face-off versus Drew Shore in Blues zone.
8:29 of 2nd period - Wrist shot by Jonathan Toews.
8:29 of 2nd period - Stopped by Carey Price without a rebound.
8:30 of 2nd period - Jonathan Toews wins face-off versus Drew Shore in Blues zone.
8:59 of 2nd period - Wrist shot by Craig Smith.
8:59 of 2nd period - Stopped by Carey Price with a rebound.
9:01 of 2nd period - Snap shot by Torey Krug.
9:01 of 2nd period - Goal by Torey Krug - Blues : 1 - Bruins : 2.
9:02 of 2nd period - Nathan MacKinnon wins face-off versus Jonathan Toews in neutral zone.
10:43 of 2nd period - Brendan Smith is hit by Will Butcher and loses puck.
11:12 of 2nd period - Snap shot by Casey Cizikas.
11:12 of 2nd period - Goal by Casey Cizikas - Blues : 1 - Bruins : 3.
11:13 of 2nd period - Jonathan Toews wins face-off versus Nathan MacKinnon in neutral zone.
11:22 of 2nd period - Wrist shot by Gabriel Landeskog.
11:22 of 2nd period - Stopped by Carey Price without a rebound.
11:23 of 2nd period - Nathan MacKinnon wins face-off versus Jonathan Toews in Blues zone.
11:36 of 2nd period - Slapshot by Nathan MacKinnon.
11:36 of 2nd period - Shot Hit the Post.
11:42 of 2nd period - Snap shot by Gabriel Landeskog.
11:42 of 2nd period - Stopped by Carey Price with a rebound.
11:44 of 2nd period - Slapshot by Jason Demers.
11:44 of 2nd period - Deflect By Gabriel Landeskog.
11:44 of 2nd period - Shot Misses the Net.
11:44 of 2nd period - Puck is out of play.
11:45 of 2nd period - Adam Henrique wins face-off versus Kevin Hayes in Blues zone.
11:52 of 2nd period - Slapshot by Adam Henrique.
11:52 of 2nd period - Stopped by Kevin Poulin with a rebound.
12:00 of 2nd period - Snap shot by Wojtek Wolski.
12:00 of 2nd period - Shot Blocked by Cody Ceci.
12:02 of 2nd period - Slapshot by Brendan Smith.
12:02 of 2nd period - Shot Misses the Net.
12:21 of 2nd period - Nikolaj Ehlers is hit by Zack Kassian and loses puck.
12:42 of 2nd period - Snap shot by Devin Shore.
12:42 of 2nd period - Goal by Devin Shore - Blues : 2 - Bruins : 3.
12:43 of 2nd period - Jonathan Toews wins face-off versus Nathan MacKinnon in neutral zone.
13:16 of 2nd period - Snap shot by Adam Henrique.
13:16 of 2nd period - Stopped by Kevin Poulin with a rebound.
13:18 of 2nd period - Slapshot by Seth Jones.
13:18 of 2nd period - Shot Blocked by Jason Demers.
13:32 of 2nd period - Slapshot by Will Butcher.
13:32 of 2nd period - Stopped by Kevin Poulin with a rebound.
13:34 of 2nd period - Snap shot by Samuel Morin.
13:34 of 2nd period - Shot Blocked by Torey Krug.
13:36 of 2nd period - Wrist shot by Samuel Morin.
13:36 of 2nd period - Deflect By Drew Shore.
13:36 of 2nd period - Stopped by Kevin Poulin with a rebound.
13:38 of 2nd period - Wrist shot by Max Friberg.
13:38 of 2nd period - Stopped by Kevin Poulin with a rebound.
13:40 of 2nd period - Wrist shot by Max Friberg.
13:40 of 2nd period - Stopped by Kevin Poulin without a rebound.
13:41 of 2nd period - Jonathan Toews wins face-off versus Filip Forsberg in Bruins zone.
13:41 of 2nd period - Jonathan Toews is hit by Nikolaj Ehlers.
13:55 of 2nd period - Madison Bowey is hit by Nathan MacKinnon and loses puck.
14:32 of 2nd period - Kevin Hayes is hit by Devin Shore.
14:39 of 2nd period - Icing by Cody Ceci.
14:40 of 2nd period - Devin Shore wins face-off versus Zack Kassian in Blues zone.
14:46 of 2nd period - Minor Penalty to Jonathan Toews for Interference.
14:47 of 2nd period - Gabriel Landeskog wins face-off versus Nathan MacKinnon in Bruins zone.
15:02 of 2nd period - Snap shot by Filip Forsberg.
15:02 of 2nd period - Stopped by Kevin Poulin without a rebound.
15:03 of 2nd period - Gabriel Landeskog wins face-off versus Nathan MacKinnon in Bruins zone.
16:21 of 2nd period - Filip Forsberg is hit by Zack Kassian and loses puck.
16:44 of 2nd period - Nikolaj Ehlers is hit by Eric Wellwood and loses puck.
16:46 of 2nd period - Penalty to Jonathan Toews is over, Jonathan Toews is back on ice.
16:59 of 2nd period - Backhand shot by Craig Smith.
16:59 of 2nd period - Shot Misses the Net.
17:01 of 2nd period - Slapshot by Kevin Hayes.
17:01 of 2nd period - Stopped by Carey Price without a rebound.
17:02 of 2nd period - Devin Shore wins face-off versus Kevin Hayes in Blues zone.
17:17 of 2nd period - Slapshot by Devin Shore.
17:17 of 2nd period - Shot Misses the Net.
17:25 of 2nd period - Wrist shot by Wojtek Wolski.
17:25 of 2nd period - Shot Blocked by Brandon Montour.
17:35 of 2nd period - Wrist shot by Max Friberg.
17:35 of 2nd period - Stopped by Kevin Poulin with a rebound.
17:37 of 2nd period - Snap shot by Max Friberg.
17:37 of 2nd period - Stopped by Kevin Poulin with a rebound.
18:11 of 2nd period - Brendan Smith is hit by Adam Henrique and loses puck.
19:29 of 2nd period - Wrist shot by Devin Shore.
19:29 of 2nd period - Stopped by Kevin Poulin without a rebound.
19:30 of 2nd period - Devin Shore wins face-off versus Radek Faksa in Bruins zone.
19:31 of 2nd period - Slapshot by Seth Jones.
19:31 of 2nd period - Stopped by Kevin Poulin without a rebound.
19:32 of 2nd period - Radek Faksa wins face-off versus Nick Schmaltz in Bruins zone.
19:53 of 2nd period - Slapshot by Seth Jones.
19:53 of 2nd period - Deflect By Gabriel Landeskog.
19:53 of 2nd period - Stopped by Kevin Poulin with a rebound.
Goals for this period are 1 for Blues vs 3 for Bruins.
Shots for this period are 15 for Blues vs 10 for Bruins.
3rd period
0:01 of 3rd period - Nathan MacKinnon wins face-off versus Jonathan Toews in neutral zone.
0:22 of 3rd period - Minor Penalty to Seth Jones for Hooking.
0:23 of 3rd period - Drew Shore wins face-off versus Jonathan Toews in Blues zone.
0:50 of 3rd period - Cody Ceci is hit by Jason Demers and loses puck.
2:22 of 3rd period - Penalty to Seth Jones is over, Seth Jones is back on ice.
2:34 of 3rd period - Devin Shore is hit by Jason Demers and loses puck.
3:45 of 3rd period - Slapshot by Cody Franson.
3:45 of 3rd period - Stopped by Kevin Poulin without a rebound.
3:46 of 3rd period - Jonathan Toews wins face-off versus Devin Shore in Bruins zone.
3:53 of 3rd period - Wrist shot by Seth Jones.
3:53 of 3rd period - Shot Blocked by Eric Wellwood.
4:16 of 3rd period - Wrist shot by Drew Shore.
4:16 of 3rd period - Shot Misses the Net.
4:36 of 3rd period - Zack Kassian is hit by Seth Jones and loses puck.
4:47 of 3rd period - Wrist shot by Zack Kassian.
4:47 of 3rd period - Shot Hit the Post.
4:49 of 3rd period - Slapshot by Jason Demers.
4:49 of 3rd period - Stopped by Carey Price with a rebound.
4:51 of 3rd period - Wrist shot by Eric Wellwood.
4:51 of 3rd period - Stopped by Carey Price without a rebound.
4:52 of 3rd period - Adam Henrique wins face-off versus Craig Smith in Blues zone.
5:19 of 3rd period - Minor Penalty to Nikolaj Ehlers for Holding.
5:20 of 3rd period - Kevin Hayes wins face-off versus Drew Shore in Blues zone.
5:25 of 3rd period - Snap shot by Kevin Hayes.
5:25 of 3rd period - Goal by Kevin Hayes - Blues : 2 - Bruins : 4.
5:25 of 3rd period - Maxime Daigneault enters game.
5:26 of 3rd period - Jonathan Toews wins face-off versus Nathan MacKinnon in neutral zone.
5:33 of 3rd period - Wrist shot by Zack Kassian.
5:33 of 3rd period - Shot Misses the Net.
5:35 of 3rd period - Slapshot by Gabriel Landeskog.
5:35 of 3rd period - Deflect By Zack Kassian.
5:35 of 3rd period - Bruins goal is going for a video replay.
5:35 of 3rd period - The goal is refused. The puck has entered the net after making contact with an attacking player’s stick that is above the height of the crossbar..
5:36 of 3rd period - Jonathan Toews wins face-off versus Nathan MacKinnon in Blues zone.
6:07 of 3rd period - Snap shot by Jonathan Toews.
6:07 of 3rd period - Shot Misses the Net.
6:09 of 3rd period - Slapshot by Gabriel Landeskog.
6:09 of 3rd period - Stopped by Maxime Daigneault without a rebound.
6:10 of 3rd period - Kevin Hayes wins face-off versus Adam Henrique in Blues zone.
6:11 of 3rd period - Snap shot by Craig Smith.
6:11 of 3rd period - Deflect By Kevin Hayes.
6:11 of 3rd period - Shot Misses the Net.
6:11 of 3rd period - Puck is out of play.
6:12 of 3rd period - Kevin Hayes wins face-off versus Adam Henrique in Blues zone.
6:13 of 3rd period - Backhand shot by Wojtek Wolski.
6:13 of 3rd period - Shot Blocked by Brandon Montour.
6:18 of 3rd period - Minor Penalty to Brendan Smith for Slashing.
6:19 of 3rd period - Gabriel Landeskog wins face-off versus Nathan MacKinnon in Bruins zone.
7:30 of 3rd period - Wrist shot by Wojtek Wolski.
7:30 of 3rd period - Goal by Wojtek Wolski - Blues : 2 - Bruins : 5.
7:31 of 3rd period - Nathan MacKinnon wins face-off versus Gabriel Landeskog in neutral zone.
7:40 of 3rd period - Slapshot by Zack Kassian.
7:40 of 3rd period - Shot Misses the Net.
7:46 of 3rd period - Slapshot by Will Butcher.
7:46 of 3rd period - Stopped by Kevin Poulin without a rebound.
7:47 of 3rd period - Nathan MacKinnon wins face-off versus Gabriel Landeskog in Bruins zone.
8:00 of 3rd period - Snap shot by Nathan MacKinnon.
8:00 of 3rd period - Shot Misses the Net.
8:02 of 3rd period - Backhand shot by Nathan MacKinnon.
8:02 of 3rd period - Shot Blocked by Zack Kassian.
8:18 of 3rd period - Penalty to Brendan Smith is over, Brendan Smith is back on ice.
8:41 of 3rd period - Slapshot by Casey Cizikas.
8:41 of 3rd period - Deflect By Eric Wellwood.
8:41 of 3rd period - Goal by Eric Wellwood - Blues : 2 - Bruins : 6.
8:42 of 3rd period - Jonathan Toews wins face-off versus Nathan MacKinnon in neutral zone.
8:47 of 3rd period - Snap shot by Zack Kassian.
8:47 of 3rd period - Shot Blocked by Seth Jones.
8:49 of 3rd period - Wrist shot by Zack Kassian.
8:49 of 3rd period - Deflect By Jonathan Toews.
8:49 of 3rd period - Stopped by Maxime Daigneault without a rebound.
8:50 of 3rd period - Nathan MacKinnon wins face-off versus Jonathan Toews in Blues zone.
8:50 of 3rd period - Nathan MacKinnon is hit by Jonathan Toews.
9:02 of 3rd period - Snap shot by Gabriel Landeskog.
9:02 of 3rd period - Stopped by Maxime Daigneault with a rebound.
10:02 of 3rd period - Snap shot by Nikolaj Ehlers.
10:02 of 3rd period - Stopped by Kevin Poulin without a rebound.
10:03 of 3rd period - Kevin Hayes wins face-off versus Adam Henrique in Bruins zone.
10:05 of 3rd period - Minor Penalty to Craig Smith for High sticking.
10:06 of 3rd period - Adam Henrique wins face-off versus Gabriel Landeskog in Bruins zone.
10:10 of 3rd period - Slapshot by Nikolaj Ehlers.
10:10 of 3rd period - Deflect By Zack Kassian.
10:10 of 3rd period - Stopped by Kevin Poulin without a rebound.
10:11 of 3rd period - Adam Henrique wins face-off versus Gabriel Landeskog in Bruins zone.
11:16 of 3rd period - Filip Forsberg is hit by Radek Faksa and loses puck.
11:41 of 3rd period - Brendan Smith is hit by Max Friberg and loses puck.
12:05 of 3rd period - Penalty to Craig Smith is over, Craig Smith is back on ice.
12:20 of 3rd period - Snap shot by Eric Wellwood.
12:20 of 3rd period - Shot Misses the Net.
12:46 of 3rd period - Drew Shore is hit by Kevin Hayes and loses puck.
12:57 of 3rd period - Josh Manson is hit by Brandon Montour.
14:44 of 3rd period - David Perron is hit by Gabriel Landeskog and loses puck.
14:55 of 3rd period - Jason Demers is hit by Marko Dano.
15:30 of 3rd period - Icing by Radek Faksa.
15:31 of 3rd period - Radek Faksa wins face-off versus Devin Shore in Bruins zone.
15:46 of 3rd period - Slapshot by Kevin Hayes.
15:46 of 3rd period - Stopped by Maxime Daigneault with a rebound.
15:48 of 3rd period - Wrist shot by Craig Smith.
15:48 of 3rd period - Shot Misses the Net.
16:01 of 3rd period - Icing by Nathan MacKinnon.
16:02 of 3rd period - Casey Cizikas wins face-off versus Nathan MacKinnon in Blues zone.
16:26 of 3rd period - Icing by Adam Pelech.
16:27 of 3rd period - Casey Cizikas wins face-off versus Adam Henrique in Bruins zone.
16:38 of 3rd period - Icing by Adam Henrique.
16:39 of 3rd period - Jonathan Toews wins face-off versus Adam Henrique in Blues zone.
16:42 of 3rd period - Snap shot by Zack Kassian.
16:42 of 3rd period - Shot Misses the Net.
17:12 of 3rd period - Snap shot by Wojtek Wolski.
17:12 of 3rd period - Stopped by Maxime Daigneault with a rebound.
17:56 of 3rd period - Snap shot by Gabriel Landeskog.
17:56 of 3rd period - Deflect By Zack Kassian.
17:56 of 3rd period - Stopped by Maxime Daigneault with a rebound.
18:00 of 3rd period - Wrist shot by Gabriel Landeskog.
18:00 of 3rd period - Shot Misses the Net.
18:12 of 3rd period - Kevin Hayes is hit by Max Friberg and loses puck.
18:43 of 3rd period - Snap shot by Max Friberg.
18:43 of 3rd period - Shot Misses the Net.
18:45 of 3rd period - Wrist shot by Max Friberg.
18:45 of 3rd period - Stopped by Kevin Poulin without a rebound.
18:46 of 3rd period - Drew Shore wins face-off versus Kevin Hayes in Bruins zone.
19:01 of 3rd period - Snap shot by Kevin Hayes.
19:01 of 3rd period - Stopped by Maxime Daigneault without a rebound.
19:02 of 3rd period - Jonathan Toews wins face-off versus Nathan MacKinnon in Blues zone.
19:37 of 3rd period - Wrist shot by Craig Smith.
19:37 of 3rd period - Stopped by Maxime Daigneault with a rebound.
Goals for this period are 0 for Blues vs 3 for Bruins.
Shots for this period are 5 for Blues vs 14 for Bruins.